 Dungeon Crawl Stone Soup version 0.27-a0-1590-g15f69828bf (webtiles) character file.

Game seed: 1878098235721158111

243 flotson the Sneak (level 5, -3/42 HPs)
             Began as a Demonspawn Delver on July 19, 2021.
             Slain by a gnoll (9 damage)
             ... on level 4 of the Dungeon.
             The game lasted 00:06:10 (4633 turns).

flotson the Sneak (Demonspawn Delver)               Turns: 4633, Time: 00:06:12

Health: -3/42      AC:  9    Str: 13    XL:     5   Next: 82%
Magic:  5/5        EV:  6    Int: 11    God:
Gold:   157        SH:  0    Dex: 15    Spells: 4/4 levels left

rFire    . . .     SeeInvis .   b - +0 quarterstaff
rCold    . . .     Faith    .   (shield currently unavailable)
rNeg     + . .     Spirit   .   j - +1 chain mail {rPois}
rPois    +         Reflect  .   (helmet restricted)
rElec    .         Harm     .   (no cloak)
rCorr    .         Rampage  .   (no gloves)
Will     .....                  (no boots)
Stlth    ..........             (no amulet)
HPRegen  0.14/turn              q - ring of positive energy
MPRegen  0.18/turn              (no ring)

@: hasted, very quick
A: horns 1, magic regeneration
a: no special abilities


You were on level 4 of the Dungeon.
You visited 1 branch of the dungeon, and saw 5 of its levels.

You collected 157 gold pieces.

Inventory:

Hand Weapons
 a - a +0 hand axe
 b - a +0 quarterstaff (weapon)
Missiles
 p - 5 javelins (quivered)
Armour
 j - a +1 chain mail of poison resistance (worn)
Jewellery
 q - a ring of positive energy (left hand)
 s - a ring of fire
Wands
 g - a wand of digging (3)
Scrolls
 c - 3 scrolls of fog
 d - a scroll of magic mapping
 h - 2 scrolls of amnesia {unknown}
 l - 3 scrolls of identify {unknown}
 o - a scroll of noise {unknown}
 r - a scroll of teleportation {unknown}
Potions
 e - a potion of might {unknown}
 f - a potion of haste
 i - a potion of berserk rage {unknown}
 k - a potion of resistance {unknown}
 m - a potion of degeneration {unknown}
 n - 2 potions of mutation {unknown}


   Skills:
 + Level 4.1 Fighting
 + Level 3.0 Axes
 + Level 0.5 Throwing
 + Level 2.2 Armour
 + Level 3.1 Dodging
 - Level 4.5 Stealth
 + Level 0.7 Evocations


You had 4 spell levels left.
You didn't know any spells.
Your spell library contained the following spells:

 Spells                   Type           Power      Damage    Failure   Level
 Animate Skeleton         Necr           0%         N/A       100%        1
 Beastly Appendage        Tmut           0%         N/A       100%        1
 Pain                     Necr           0%         1d4       100%        1
 Wereblood                Tmut           0%         N/A       100%        2
 Spider Form              Tmut/Pois      0%         N/A       100%        3
 Vampiric Draining        Necr           0%         2d6       100%        3


Dungeon Overview and Level Annotations

Branches:
Dungeon (5/15)
 Temple: D:4-7

Altars:
Gozag

Annotations:
D:3 Sigmund


Innate Abilities, Weirdness & Mutations

You have a pair of small horns on your head.
You regenerate magic rapidly.


Message History

No target in view!
No target in view!
No target in view!
You see here a giant cockroach corpse.
The gnoll shouts!
You hear a bark!
The gnoll hits you but does no damage.
The gnoll shouts!
The gnoll barely misses you. The gnoll hits you but does no damage.
A hound comes into view.
Found an escape hatch in the ceiling.
There is an escape hatch in the ceiling here.
The gnoll hits you with a +0 spear.
You hit the gnoll.
The gnoll is moderately wounded.
The gnoll hits you but does no damage. x2
The gnoll hits you from afar with a +0 halberd!
Your chain mail prevents you from hitting the gnoll.
The gnoll is moderately wounded.
The gnoll hits you with a +0 spear.
The gnoll hits you from afar with a +0 halberd.
Okay, then.
Unknown command.
You feel yourself speed up. The hound bites you but does no damage.
The gnoll hits you but does no damage.
The gnoll hits you from afar with a +0 halberd!
* * * LOW HITPOINT WARNING * * *
The hound bites you but does no damage. The gnoll hits you but does no damage.
You hit the hound but do no damage. You headbutt the hound.
The hound is moderately wounded.
The hound bites you but does no damage. The gnoll hits you but does no damage.
The gnoll barely misses you.
You hit the hound but do no damage.
The hound is moderately wounded.
The gnoll barely misses you. The hound bites you.
* * * LOW HITPOINT WARNING * * *
The gnoll hits you with a +0 spear.
* * * LOW HITPOINT WARNING * * *
The gnoll hits you from afar with a +0 halberd!
You die...

.## h #########
#.gg....#
#@#####g#####
#h###...g...#
#.......g...#.###g#
#..##.#.##..#.###.#
# #.#.##.....##.# #
#.# . #........##g#
###.#
###########.##.##.#
..#.######.....#
#.......#
........##..l..#
####.####


You could see a hound and 3 gnolls.

Vanquished Creatures
  A hound (D:4)
  An iguana (D:4)
  Terence (D:3)
  9 adders
  A gnoll (D:3)
  A worm (D:4)
  A dart slug (D:4)
  7 orcs
  3 endoplasms
  4 giant cockroaches
  3 goblins
  5 hobgoblins
  2 jackals (D:2)
  7 ball pythons
  6 bats
  5 frilled lizards (D:1)
  2 kobolds (D:2)
  10 rats
69 creatures vanquished.

Vanquished Creatures (others)
  An ogre (D:5)
  An orc (D:5)
  19 fungi
  5 plants (D:3)
26 creatures vanquished.

Grand Total: 95 creatures vanquished

Notes
Turn   | Place    | Note
-------+----------+-------------------------------------------
     0 | D:5      | flotson the Demonspawn Delver began the quest for the Orb.
     0 | D:5      | Reached XP level 1. HP: 18/18 MP: 1/1
     6 | D:5      | Killed an ogre
    14 | D:5      | Noticed an iguana
   186 | D:4      | Found an opulent altar of Gozag.
   192 | D:4      | Noticed a hound
   290 | D:4      | Gained mutation: You have a pair of small horns on your
                  | head. [demonic ancestry]
   290 | D:4      | Reached XP level 2. HP: 4/24 MP: 2/2
  1119 | D:3      | Reached skill level 1 in Armour
  1119 | D:3      | Reached XP level 3. HP: 24/29 MP: 3/3
  1349 | D:3      | Found a faded altar of an unknown god.
  2503 | D:2      | Reached XP level 4. HP: 36/36 MP: 4/4
  2954 | D:3      | Noticed Terence
  3270 | D:3      | Killed Terence
  3271 | D:3      | Gained mutation: You regenerate magic rapidly. [demonic
                  | ancestry]
  3271 | D:3      | Reached XP level 5. HP: 19/42 MP: 5/5
  3574 | D:3      | Noticed Sigmund
  4633 | D:4      | Slain by a gnoll

Illustrated notes

Levels and vault maps discovered:
D:1:      dpeg_arrival_ratfight, layout_loops_cross, serial_bayou_ford_a,
          hex_medium
D:2:      layout_loops_ring, minmay_snake_closets
D:3:      layout_basic, shapermc_ecumenical_altar_mp_ritualfount, uniq_sigmund,
          uniq_terence
D:4:      layout_loops_cross, mainiacjoe_overflow_chevrons,
          minmay_fractal_squares_gapless_5, uniq_ijyb
D:5:      layout_cave_pods, kiku_gazebo_pond_becter, xom_confusion_cloud,
          minmay_temple_entry_grid, minmay_misc_feat_square,
          minmay_misc_feat_hallway, kennysheep_generic_room_6

Skill      XL: |  1  2  3  4  5 |
---------------+----------------+-----
Axes           | 2 3 |  3.0
Dodging        | 2 3 |  3.1
Armour         | 1 2 |  2.2
Fighting       | 4 |  4.1
Throwing       | |  0.5
Stealth        | |  4.5
Evocations     | |  0.7

Action                   |  1- 3 |  4- 6 || total
-------------------------+-------+-------++-------
Melee: Quarterstaff      |   114 |   133 ||   247
       Headbutt          |    13 |    27 ||    40
       Hand axe          |       |    11 ||    11
  Use: Scroll            |       |     2 ||     2
       Potion            |       |     2 ||     2
 Stab: Sleeping          |     1 |       ||     1
Armor: Leather armour    |     3 |       ||     3
       Chain mail        |    65 |    98 ||   163
Dodge: Dodged            |    56 |    66 ||   122

Table legend: (Time is in decaauts)
 A = Elapsed time spent in this place.
 B = Non-inter-level travel time spent in this place.
 C = Inter-level travel time spent in this place.
 D = Time resting spent in this place.
 E = Time spent auto-exploring this place.
 F = Levels seen in this place.
 G = Mean time per level.
                   A        B        C        D        E       F      G
               +--------+--------+--------+--------+--------+-----+--------+
         Total |   4715 |   4428 |    287 |   1102 |   2549 |   5 |  943.0 |
       Dungeon |   4715 |   4428 |    287 |   1102 |   2549 |   5 |  943.0 |
               +--------+--------+--------+--------+--------+-----+--------+

Top non-repeatable levels by time:
     D:4: 1579 daAuts
     D:3: 1274 daAuts
     D:2: 1095 daAuts
     D:1: 739 daAuts
     D:5: 26 daAuts
